 Dungeon Crawl Stone Soup version 0.26-a0-113-gd8a95b691d (webtiles) character file.

Game seed: 5359171473359716290

89280 bmfx the Marksghoul (level 15, -7/126 HPs)
             Began as a Ghoul Assassin on June 25, 2020.
             Was a High Priest of Okawaru.
             Killed from afar by a hellion (32 damage)
             ... with damnation
             ... on level 2 of the Abyss.
             The game lasted 01:24:24 (30833 turns).

bmfx the Marksghoul (Ghoul Assassin)               Turns: 30833, Time: 01:24:24

Health: -7/126     AC: 23    Str: 22    XL:     15   Next: 96%
Magic:  18/20      EV: 11    Int:  6    God:    Okawaru [*****.]
Gold:   1707       SH:  5    Dex: 16    Spells: 14/14 levels left

rFire    + . .     SeeInvis .   w - +2 longbow
rCold    + . .     Faith    .   (shield currently unavailable)
rNeg     + + +     Spirit   .   u - +0 plate armour
rPois    ∞         Reflect  +   e - +0 helmet
rElec    .         Harm     .   m - +2 cloak {Stlth+}
rCorr    .                      (no gloves)
MR       +....                  N - +0 pair of boots
Stlth    ..........             n - amulet of reflection
HPRegen  0.00/turn              f - +6 ring of dexterity
MPRegen  0.17/turn              S - ring of protection from fire

@: heroism, rotting
A: rotting body, claws 1, carnivore, cold resistance 1, negative energy
resistance 3, inhibited regeneration, torment resistance, unbreathing
a: Heroism, Finesse, Renounce Religion


You were on level 2 of the Abyss.
You worshipped Okawaru.
Okawaru was extremely pleased with you.
You were not hungry.

You visited 3 branches of the dungeon, and saw 21 of its levels.
You visited the Abyss 1 time.

You collected 1804 gold pieces.
You spent 97 gold pieces at shops.


Innate Abilities, Weirdness & Mutations

Your body is rotting away.
You thrive on raw meat.
You are immune to poison.
You have sharp fingernails.
You are carnivorous and can eat meat at any time.
Your flesh is cold resistant. (rC+)
You are immune to negative energy. (rN+++)
You do not regenerate when monsters are visible.
You are immune to unholy pain and torment.
You can survive without breathing.

Dungeon Overview and Level Annotations

Branches:
Dungeon (14/15)            Temple (1/1) D:5            Lair (6/6) D:8
  Swamp (0/4) Lair:2       Spider (0/4) Lair:3        Slime (0/5) Lair:6
    Orc (0/2) D:11         Vaults (0/5) D:14

Altars:
Ashenzari
Cheibriados
Dithmenos
Elyvilon
Fedhas
Gozag
Hepliaklqana
Kikubaaqudgha
Makhleb
Nemelex Xobeh
Okawaru
Qazlal
Ru
Sif Muna
Trog
Uskayaw
Vehumet
Wu Jian
Xom
Yredelemnul
Zin
The Shining One
Jiyva

Shops:
D:8 =   D:10 *?

Annotations:
D:9 2 transporters, Eptagon's ghost, novice GnFi
D:14 1 exclusion
Lair:3 2 transporters, Zgarb's ghost, journeyman TeAE
Lair:4 exclusion: 2 oklob plants


   Skills:
 - Level 10.0(15.0) Fighting
 - Level 3.5(8.5) Short Blades
 + Level 18.9(23.9) Bows
 - Level 4.0(9.0) Throwing
 - Level 10.0(15.0) Armour
 - Level 0.8(5.8) Dodging
 - Level 4.3(9.3) Stealth
 - Level 8.0 Invocations
 - Level 5.0 Evocations


You had 14 spell levels left.
You didn't know any spells.
Your spell library contained the following spells:

 Spells                   Type           Power        Failure   Level  Hunger
 Freeze                   Ice            #...         99%         1    ##.....
 Magic Dart               Conj           #...         99%         1    ##.....
 Sandblast                Erth           #.....       99%         1    ##.....
 Passwall                 Tmut/Erth      #.......     100%        2    ###....
 Searing Ray              Conj           #.....       100%        2    ###....
 Dazzling Flash           Conj/Hex       #.....       100%        3    ####...
 Frozen Ramparts          Ice            #.....       100%        3    ####...
 Ozocubu's Armour         Chrm/Ice       #.......     100%        3    ####...
 Stone Arrow              Conj/Erth      #.....       100%        3    ####...
 Fulminant Prism          Conj/Hex       #.........   100%        4    #####..
 Hailstorm                Conj/Ice       #.......     100%        4    #####..
 Iskenderun's Mystic Bla  Conj/Tloc      #.......     100%        4    #####..
 Petrify                  Tmut/Erth      #.......     100%        4    #####..
 Summon Ice Beast         Ice/Summ       #.......     100%        4    #####..
 Lee's Rapid Deconstruct  Erth           #.........   100%        5    ######.

Action                   |  1- 3 |  4- 6 |  7- 9 | 10-12 | 13-15 || total
-------------------------+-------+-------+-------+-------+-------++-------
Melee: Dagger            |   112 |   174 |   281 |     1 |       ||   568
 Fire: Longbow           |       |       |    92 |   834 |  1554 ||  2480
Throw: Dart              |     8 |    47 |   107 |       |       ||   162
       Stone             |    64 |    48 |       |       |       ||   112
       Boomerang         |    13 |     3 |    22 |       |       ||    38
Invok: Heroism           |       |       |     2 |    35 |    34 ||    71
       Finesse           |       |       |       |       |    13 ||    13
Evoke: Wand              |       |     1 |     9 |    16 |     7 ||    33
  Use: Scroll            |     5 |     4 |     9 |    14 |     8 ||    40
       Potion            |       |     1 |     1 |       |       ||     2
 Stab: Sleeping          |     7 |     2 |     7 |       |       ||    16
       Distracted        |       |       |     1 |       |       ||     1
       Paralysed         |       |       |       |     1 |       ||     1
  Eat: Chunk             |    11 |    20 |    29 |    40 |    58 ||   158
       Ration            |       |       |     1 |     2 |       ||     3
Armor: Robe              |    21 |    21 |    58 |    16 |       ||   116
       Plate armour      |       |       |       |   248 |   250 ||   498
Dodge: Dodged            |    62 |    51 |   148 |   166 |   161 ||   588
Block: Other             |       |    30 |    62 |   104 |    88 ||   284
       Reflection        |       |       |     5 |     6 |    11 ||    22

Skill      XL: |  1  2  3  4  5  6  7  8  9 10 11 12 13 14 15 |
---------------+----------------------------------------------+-----
Throwing       | 2 3 4 |  4.0
Short Blades   | 2 3 |  3.5
Fighting       | 3 4 6 7 8 10 | 10.0
Evocations     | 1 3 5 |  5.0
Bows           | 4 7 9 12 14 15 16 18 | 18.9
Invocations    | 3 8 |  8.0
Armour         | 3 6 10 | 10.0
Dodging        | |  0.8
Stealth        | |  4.3

Inventory:

Hand Weapons
 a - a +2 dagger of freezing
 w - a +2 longbow (weapon)
Missiles
 k - 11 curare-tipped darts
 q - 2 throwing nets {!f}
 v - 457 arrows (quivered)
 D - 8 silver javelins
 K - 3 atropa-tipped darts {god gift}
Armour
 e - a +0 helmet (worn)
 m - a +2 cloak of stealth (worn)
 u - a +0 plate armour (worn)
 N - a +0 pair of boots (worn)
Jewellery
 f - a +6 ring of dexterity (left claw)
 n - an amulet of reflection (around neck)
 s - an uncursed ring of protection from cold
 y - an uncursed ring of see invisible
 L - an uncursed amulet of guardian spirit
 S - a ring of protection from fire (right claw)
Wands
 c - a wand of paralysis (18)
 t - a wand of iceblast (5)
 z - a wand of enslavement (16)
 I - a wand of polymorph (16)
 T - a wand of digging (8)
Scrolls
 b - a scroll of silence
 g - 5 scrolls of immolation
 i - 3 scrolls of teleportation {@r1}
 A - 3 scrolls of blinking {@r2}
 C - 6 scrolls of magic mapping
 E - 12 scrolls of remove curse {@r4}
 G - 3 scrolls of fear
 H - a scroll of vulnerability
 J - 3 scrolls of fog
 Q - a scroll of torment
Potions
 h - 7 potions of heal wounds {@q1}
 j - 6 potions of curing {@q2}
 l - 3 potions of might
 o - 3 potions of flight {unknown}
 p - 3 potions of haste {@q4}
 r - 3 potions of brilliance
 x - 4 potions of ambrosia
 B - 6 potions of invisibility
 F - a potion of magic
 M - a potion of stabbing
Miscellaneous
 O - a phial of floods
 P - 2 boxes of beasts
Comestibles
 d - 51 rations
 R - 4 chunks of flesh {@w1}

. #.# . . .. #
##..#... ...#. .
#...### ........
#...#..# .#..#
.#. ##..#..###
##.
.......#...###..
#
..§##.#§.§§.#..
# . ..###.§§§#(#
.#...§§@#(#
........##§# .
#.#...#.§#
.#>2.....#
..#.§....### #
#..##.#. .
...##. ##.#. .
.. #


You could see a hellion.

Vanquished Creatures
  Jorgrun (D:13)
  Gastronok (D:9)
  An eidolon (Abyss:2)
  Fannar (D:12)
  Josephine (D:13)
  Erolcha (D:9)
  4 vault guards (D:14)
  Harold (D:9)
  A death knight (D:14)
  8 hydras
  4 centaur warriors
  9 two-headed ogres
  An ogre mage (D:13)
  A tengu warrior (D:10)
  Urug (Lair:2)
  Sonja (D:11)
  A shadow wraith (Abyss:2)
  7 skeletal warriors
  2 unseen horrors
  A spatial maelstrom (Abyss:2)
  Pikel (D:5)
  An orc knight (D:14)
  3 deep elf magi
  4 cyclopes
  2 worldbinders (Abyss:2)
  10 ugly things
  2 large abominations (Abyss:2)
  Maurice (D:12)
  Joseph (D:8)
  3 black mambas
  3 smoke demons (Abyss:2)
  Psyche (D:8)
  3 centaur skeletons
  24 spiny frogs
  5 komodo dragons
  3 rime drakes
  A guardian mummy (D:14)
  A tengu conjurer (D:10)
  A freezing wraith (D:14)
  3 trolls (D:10)
  2 ancient zymes (Abyss:2)
  4 tyrant leeches (Lair:6)
  A polar bear (Lair:5)
  31 blink frogs
  Prince Ribbit (D:8)
  5 raiju (Abyss:2)
  2 bog bodies (Lair:2)
  A slime creature (D:9)
  9 hippogriffs
  3 vampires
  A shadow (D:14)
  Sigmund (D:2)
  A ynoxinul (Abyss:2)
  7 wraiths
  19 yaks
  2 wyverns
  2 basilisks (Lair:1)
  Grum (D:8)
  10 killer bees
  2 hungry ghosts
  A neqoxec (Abyss:2)
  7 vampire mosquitoes
  5 spatial vortices (Abyss:2)
  A hell hound (Abyss:2)
  An acid dragon (D:10)
  Duvessa (D:4)
  3 water moccasins
  7 orc warriors
  9 porcupines
  2 black bears
  An eye of draining (D:13)
  6 sky beasts
  A hornet zombie (D:10)
  The ghost of Stelteck the Chopper, an amateur HOMo (D:3)
  12 ice beasts
  8 ogres
  6 phantoms
  2 necrophages (D:8)
  37 wolves
  12 crocodiles
  13 centaurs
  4 big kobolds
  A gnoll sergeant (D:11)
  31 bullfrogs
  4 small abominations (Abyss:2)
  Dowan (D:4)
  A wyvern skeleton (D:9)
  7 scorpions
  2 troll zombies (D:11)
  6 howler monkeys
  A wight (D:8)
  A vampire bat (Lair:6)
  3 electric eels
  3 crimson imps
  2 hounds
  2 jellies
  3 centaur zombies
  3 bullfrog zombies
  2 bullfrog skeletons
  11 orc priests
  Crazy Yiuf (D:3)
  15 orc wizards
  Natasha (thrice) (D:2)
  An iguana (D:9)
  Ijyb (D:3)
  5 worker ants
  2 hell rats (Lair:1)
  A killer bee zombie (D:5)
  4 ogre zombies (D:11)
  A hound zombie (D:3)
  2 human simulacra (D:10)
  A mummy (D:8)
  2 worker ant zombies
  A howler monkey zombie (D:10)
  Robin (D:3)
  9 river rats (Lair:1)
  6 adders
  14 gnolls
  2 shadow imps
  A white imp (Abyss:2)
  An ooze (D:2)
  An adder zombie (D:8)
  4 worms
  A dart slug (D:3)
  6 leopard geckos
  55 orcs
  11 bats
  5 giant cockroaches
  12 goblins
  9 hobgoblins
  9 jackals
  2 quokkas (D:4)
  3 frilled lizards
  4 goblin skeletons (D:11)
  2 hobgoblin zombies (D:11)
  39 kobolds
  13 orc zombies (D:11)
  A quokka skeleton (D:3)
  6 rats
  A fire vortex (Lair:2)
708 creatures vanquished.

Vanquished Creatures (collateral kills)
  A basilisk (Lair:2)
  A killer bee (D:7)
  4 orc priests (D:7)
  3 orcs (D:7)
9 creatures vanquished.

Vanquished Creatures (others)
  A water moccasin (Lair:2)
  2 killer bees (D:7)
  An adder (D:5)
  An adder skeleton (D:5)
  3 kobolds
  12 fungi
  31 plants
  2 withered plants (D:8)
53 creatures vanquished.

Grand Total: 770 creatures vanquished

Levels and vault maps discovered:
D:1:      lemuel_arrival_tunnels, layout_basic, minmay_misc_feat_cross,
          minmay_liquid_box
D:2:      layout_loops_corners, eat_drink_and_be_merry_uskayaw, first_ration,
          uniq_natasha, uniq_sigmund
D:3:      layout_loops_ring, gammafunk_temple_overflow_elements,
          gammafunk_ghost_necromancy, uniq_ijyb, uniq_crazy_yiuf_cottage,
          uniq_robin
D:4:      layout_loops_cross, kennysheep_little_box, overflow_temple_1_default,
          nicolae_overflow_hidden_temple, serial_shops, shop, uniq_duvessa
D:5:      kennysheep_kobold_camp, layout_loops_ring, okawaru_ov_weapons_minmay,
          minmay_temple_entry_slanted, uniq_pikel
D:6:      layout_basic
D:7:      layout_cave_pools, basic_altar, grunt_ogre_cave
D:8:      layout_loops_ring, lair_entry_dummy, serial_undead, serial_undead_b,
          serial_undead_e, serial_undead_e, serial_undead_e, serial_undead_b,
          serial_undead_e, serial_shops, shop, hangedman_minor_gate_pass,
          uniq_psyche, uniq_grum, uniq_prince_ribbit1, uniq_joseph
D:9:      layout_gridville, lemuel_crystal_altar, tso_oasis_becter,
          gammafunk_ghost_wrathful_warriors, nicolae_dithmenos_shadow_blocks,
          uniq_harold, uniq_erolcha, uniq_gastronok
D:10:     hangedman_cross_cluster, layout_loops_corners, serial_shops,
          nicolae_shop_crystal, basic_altar, minmay_shop_mass,
          hangedman_abyss_or_decor_clamps, bh_circular_ruins
D:11:     layout_roguey, zombieorc1_lemuel, chequers_serial_rivers_large_b,
          uniq_sonja
D:12:     layout_basic, grunt_ministairs_15, uniq_fannar, uniq_maurice
D:13:     layout_roguey, minivault_22, uniq_jorgrun, uniq_josephine
D:14:     ragdoll_tomb_raider, layout_loops_ring,
          lightli_vaults_fourway_checkpoint, minmay_misc_feat_x,
          minmay_hollow_rounded_squares
Temple:   oiseaux_autumnal_temple
Lair:1:   layout_layer_cave, kennysheep_rathole, infiniplex_staircase_pool_2
Lair:2:   layout_gridlike, skrybe_swamp_entry_bodies, grunt_megastairs_3,
          uniq_urug
Lair:3:   layout_loops_ring, dummy_spider_entry,
          gammafunk_ghost_wrathful_warriors, grunt_forest_large_clearings
Lair:4:   layout_regular_city, dpeg_oklob_1
Lair:5:   layout_layer_cave
Lair:6:   minmay_lair_end_frog_pond, layout_gridlike, slime_altar_1,
          st_stairs_4, roderic_batcave, lemuel_fruit_fields, lemuel_fruit_fields
Abyss:2:  base:
Temple


Message History

Okawaru accepts your kill. The hellion gestures at you.
The sphere of damnation explodes!
The damnation engulfs you!!
You hear a roar!
You hear a bleat!
You gain the combat prowess of a mighty hero.
The hellion gestures at you.
The sphere of damnation explodes!
The damnation engulfs you!!
You hear a chilling moan.
You hear an angry hiss.
The hellion gestures at you.
The sphere of damnation explodes!
The damnation engulfs you!!
You hear a roar!
You see here an arrow.
As you read the scroll of fog, it crumbles to dust.
The scroll dissolves into smoke.
The hellion gestures at you.
The sphere of damnation explodes!
The damnation engulfs you!!
* * * LOW HITPOINT WARNING * * *
The hellion gestures at you.
The sphere of damnation explodes!
The damnation engulfs you!!
You die...

Notes
Turn   | Place    | Note
-------+----------+-------------------------------------------
     0 | D:1      | bmfx the Ghoul Assassin began the quest for the Orb.
     0 | D:1      | Reached XP level 1. HP: 17/17 MP: 0/0
   204 | D:1      | Reached XP level 2. HP: 23/25 MP: 1/1
   856 | D:2      | Noticed Natasha
   915 | D:2      | Noticed Sigmund
  1087 | D:2      | Reached XP level 3. HP: 28/30 MP: 2/2
  1105 | D:2      | Found a hide-covered altar of Uskayaw.
  2047 | D:3      | Found a runed translucent gate.
  2047 | D:3      | Found a runed translucent gate.
  2047 | D:3      | Found a runed translucent gate.
  2047 | D:3      | Noticed Stelteck's ghost (amateur HOMo)
  2185 | D:3      | Reached XP level 4. HP: 34/38 MP: 3/3
  2212 | D:3      | Noticed Robin
  2623 | D:3      | Reached XP level 5. HP: 36/46 MP: 4/4
  2717 | D:3      | Reached skill level 1 in Evocations
  2807 | D:3      | Noticed Ijyb
  2967 | D:3      | Found a shattered altar of Ashenzari.
  2967 | D:3      | Found a blossoming altar of Fedhas.
  3066 | D:3      | Found a runed translucent door.
  3067 | D:3      | Noticed Crazy Yiuf
  3166 | D:4      | Found a radiant altar of Vehumet.
  3442 | D:4      | Found a white marble altar of Elyvilon.
  3465 | D:4      | Reached XP level 6. HP: 50/50 MP: 6/6
  3615 | D:4      | Found a shimmering blue altar of Sif Muna.
  3654 | D:4      | Noticed Duvessa
  3654 | D:4      | Noticed Dowan
  3702 | D:4      | Noticed a phantom
  3823 | D:3      | Killed Robin
  4558 | D:3      | Reached XP level 7. HP: 46/59 MP: 8/8
  5157 | D:4      | Found Dipucoss's Distillery.
  5267 | D:5      | Entered Level 5 of the Dungeon
  5540 | D:5      | Reached skill level 5 in Evocations
  5730 | D:5      | Reached XP level 8. HP: 67/67 MP: 10/10
  5731 | D:5      | Reached skill level 5 in Fighting
  5754 | D:5      | Found a staircase to the Ecumenical Temple.
  5763 | Temple   | Entered the Ecumenical Temple
  6211 | D:5      | Noticed Pikel
  6345 | D:5      | Reached skill level 1 in Bows
  6389 | D:5      | Killed Pikel
  6389 | D:5      | Reached skill level 3 in Bows
  6474 | D:5      | Found an iron altar of Okawaru.
  6482 | D:5      | Became a worshipper of Warmaster Okawaru
  6489 | D:5      | Reached skill level 4 in Bows
  7208 | D:6      | Reached XP level 9. HP: 78/78 MP: 11/11
  7536 | D:6      | Reached skill level 5 in Bows
  8221 | D:7      | Reached * piety under Okawaru
  8221 | D:7      | Reached skill level 6 in Bows
  8489 | D:7      | Reached skill level 1 in Invocations
  8577 | D:7      | Found an opulent altar of Gozag.
  8950 | D:2      | Killed Natasha
  8996 | D:2      | Killed Sigmund
  8996 | D:2      | Reached skill level 7 in Bows
  9180 | D:2      | Noticed Natasha
  9183 | D:2      | Killed Natasha
  9267 | D:2      | Noticed Natasha
  9280 | D:2      | Killed Natasha
  9606 | D:8      | Noticed a two-headed ogre
  9777 | D:8      | Reached XP level 10. HP: 88/88 MP: 12/12
  9862 | D:8      | Reached ** piety under Okawaru
  9865 | D:8      | Reached skill level 8 in Bows
  9878 | D:8      | Noticed Grum
 10014 | D:8      | Killed Grum
 10014 | D:8      | Reached skill level 5 in Invocations
 10086 | D:8      | Found a staircase to the Lair.
 10087 | D:8      | Noticed Prince Ribbit
 10094 | D:8      | Killed Prince Ribbit
 10223 | D:8      | Noticed Psyche
 10227 | D:8      | Killed Psyche
 10257 | D:8      | Killed a two-headed ogre
 10257 | D:8      | Reached *** piety under Okawaru
 10306 | D:8      | Found Ynlicuax's Jewellery Shop.
 10331 | D:8      | Noticed Joseph
 10379 | D:8      | Killed Joseph
 10760 | D:9      | Reached skill level 9 in Bows
 10826 | D:9      | Noticed Gastronok
 10835 | D:9      | Found a shadowy altar of Dithmenos.
 10849 | D:9      | Noticed Harold
 10872 | D:9      | Killed Harold
 10872 | D:9      | Received a gift from Okawaru
 10872 | D:9      | Reached **** piety under Okawaru
 10872 | D:9      | Reached XP level 11. HP: 64/94 MP: 16/16
 10892 | D:9      | Reached skill level 10 in Bows
 11010 | D:9      | Found a transporter.
 11010 | D:9      | Identified the +8 dire flail "Demonslayer" {vamp, MR- MP+9
                  | Str+7}
 11010 | D:9      | Noticed a tengu warrior
 11010 | D:9      | Identified the cursed +1 giant club "Rit Cocebb"
                  | {antimagic, rPois rF- MR+++ Str-4}
 11010 | D:9      | Noticed a two-headed ogre
 11012 | D:9      | Noticed a two-headed ogre
 11017 | D:9      | Noticed a moth of wrath
 11052 | D:9      | Noticed Eptagon's ghost (novice GnFi)
 11128 | D:9      | Found a transporter.
 11139 | D:9      | Found a bloodstained altar of Trog.
 11181 | D:9      | Noticed Erolcha
 11190 | D:9      | Killed Erolcha
 11435 | D:9      | Received a gift from Okawaru
 11533 | D:9      | Found a hazy altar of Hepliaklqana.
 11602 | D:9      | Found a glowing golden altar of the Shining One.
 12123 | D:3      | Killed Crazy Yiuf
 12270 | D:3      | Killed Ijyb
 12347 | D:3      | Killed Stelteck's ghost
 12504 | D:4      | Found a radiant altar of Vehumet.
 12533 | D:4      | Found a shimmering blue altar of Sif Muna.
 12589 | D:4      | Killed Duvessa
 12598 | D:4      | Killed Dowan
 12909 | D:10     | Entered Level 10 of the Dungeon
 12911 | D:10     | Reached skill level 11 in Bows
 13215 | D:10     | Noticed a two-headed ogre
 13221 | D:10     | Killed a two-headed ogre
 13373 | D:10     | Received a gift from Okawaru
 13440 | D:10     | Noticed an unseen horror
 13449 | D:10     | Killed an unseen horror
 13465 | D:10     | Noticed a tengu warrior
 13469 | D:10     | Reached skill level 12 in Bows
 13471 | D:10     | Reached skill level 1 in Armour
 13569 | D:10     | Killed a tengu warrior
 13736 | D:10     | Noticed a cyclops
 13739 | D:10     | Noticed a two-headed ogre
 13969 | D:10     | Noticed a purple ugly thing
 14104 | Lair:1   | Entered Level 1 of the Lair of Beasts
 14111 | Lair:1   | Reached XP level 12. HP: 101/101 MP: 17/17
 14209 | Lair:1   | Noticed a six-headed hydra
 14217 | Lair:1   | Killed a six-headed hydra
 14217 | Lair:1   | Received a gift from Okawaru
 14219 | Lair:1   | Reached skill level 5 in Armour
 14297 | Lair:1   | Received a gift from Okawaru
 15674 | Lair:2   | Noticed Urug
 15856 | Lair:2   | Received a gift from Okawaru
 15937 | Lair:2   | Found a staircase to the Swamp.
 16345 | Lair:2   | Noticed an eight-headed hydra
 16842 | Lair:3   | Found a hole to the Spider Nest.
 16945 | Lair:3   | Reached skill level 13 in Bows
 16959 | Lair:3   | Received a gift from Okawaru
 17214 | Lair:3   | Received a gift from Okawaru
 17862 | Lair:4   | Reached ***** piety under Okawaru
 18115 | Lair:4   | Reached skill level 14 in Bows
 18142 | Lair:4   | Reached XP level 13. HP: 103/107 MP: 16/18
 19079 | Lair:3   | Received a gift from Okawaru
 19514 | Lair:3   | Noticed Zgarb's ghost (journeyman TeAE)
 19519 | Lair:3   | Found a bloodstained altar of Trog.
 19521 | Lair:3   | Identified the +0 trident "Jaot Ili" {holy, rF- Dex+6}
 19527 | Lair:3   | Found a transporter.
 19541 | Lair:3   | Found a transporter.
 19827 | Lair:5   | Received a gift from Okawaru
 20032 | Lair:5   | Reached skill level 15 in Bows
 20080 | Lair:5   | Received a gift from Okawaru
 20836 | Lair:5   | Received a gift from Okawaru
 21209 | Lair:6   | Entered Level 6 of the Lair of Beasts
 21703 | Lair:6   | Reached skill level 10 in Armour
 21792 | Lair:5   | Reached XP level 14. HP: 115/115 MP: 19/19
 22214 | Lair:6   | Found a staircase to the Slime Pits.
 22215 | Lair:6   | Found a viscous altar of Jiyva.
 22313 | Lair:6   | Received a gift from Okawaru
 23301 | Lair:2   | Killed Urug
 23527 | Lair:2   | Reached skill level 10 in Fighting
 23704 | D:9      | Found a transporter.
 23712 | D:9      | Found a bloodstained altar of Trog.
 23721 | D:9      | Found a transporter.
 23803 | D:9      | Found a glowing golden altar of the Shining One.
 23989 | D:9      | Found a shadowy altar of Dithmenos.
 24081 | D:9      | Found a hazy altar of Hepliaklqana.
 24264 | D:9      | Killed Gastronok
 24294 | D:10     | Found Mudoiq's Mass Market.
 24384 | D:10     | Found a shimmering altar of Xom.
 25265 | D:10     | Found Wuluv's Magic Scroll Shoppe.
 25273 | D:10     | Bought a scroll of torment for 97 gold pieces
 25668 | D:11     | Found a staircase to the Orcish Mines.
 25910 | D:11     | Noticed Sonja
 25917 | D:11     | Killed Sonja
 26330 | D:12     | Noticed Maurice
 26347 | D:12     | Reached skill level 16 in Bows
 26350 | D:12     | Killed Maurice
 27022 | D:12     | Received a gift from Okawaru
 27032 | D:12     | Noticed Fannar
 27052 | D:12     | Killed Fannar
 27875 | D:13     | Received a gift from Okawaru
 27947 | D:13     | Received a gift from Okawaru
 27958 | D:13     | Reached XP level 15. HP: 109/126 MP: 20/20
 28069 | D:13     | Reached skill level 17 in Bows
 28222 | D:13     | Received a gift from Okawaru
 28243 | D:13     | Got an iridescent executioner's axe {god gift}
 28244 | D:13     | Identified the +4 executioner's axe "Hyretyuz" {god gift,
                  | speed, Dex+4} (Okawaru gifted it to you on level 13 of the
                  | Dungeon)
 28285 | D:13     | Noticed Josephine
 28291 | D:13     | Killed Josephine
 28458 | D:13     | Noticed Jorgrun
 28475 | D:13     | Killed Jorgrun
 28999 | D:14     | Received a gift from Okawaru
 29277 | D:14     | Received a gift from Okawaru
 29439 | D:14     | Reached skill level 18 in Bows
 29451 | D:14     | Received a gift from Okawaru
 29805 | D:14     | Found the +5 scythe "Finisher" {speed, eviscerate}
 30011 | D:14     | Found a gate to the Vaults.
 30059 | D:14     | Received a gift from Okawaru
 30250 | D:14     | Cast into level 2 of the Abyss (a wizard)
 30469 | Abyss:2  | Noticed a bone dragon
 30644 | Abyss:2  | Noticed an angel
 30686 | Abyss:2  | Received a gift from Okawaru
 30744 | Abyss:2  | Noticed a bone dragon
 30833 | Abyss:2  | Killed from afar by a hellion
